 Dungeon Crawl Stone Soup version 0.31-a0-636-ge1c0e020e0 (webtiles) character file.

Game seed: 12620431494861393703

5368 Conn the Thaumaturge (level 10, -3/59 HPs)
             Began as an Octopode Fire Elementalist on Aug 26, 2023.
             Was a Follower of Sif Muna.
             Slain by a wraith (6 damage)
             ... led by Josephine
             ... on level 10 of the Dungeon.
             The game lasted 00:18:44 (9254 turns).

Conn the Thaumaturge (Octopode Fire Elementalist)   Turns: 9254, Time: 00:18:45

Health: -3/59      AC:  3    Str:  8    XL:     10   Next: 65%
Magic:  1/22       EV: 19    Int: 27    God:    Sif Muna [*.....]
Gold:   350        SH:  0    Dex: 19    Spells: 11/26 levels left

rFire   . . .        u - +4 short sword of Ru's Envy {heavy, rPois}
rCold   . . .        (no shield)
rNeg    . . .        (helmet restricted)
rPois   +            j - amulet of faith
rElec   .            m - +6 ring of intelligence
rCorr   .            d - +5 ring of evasion
SInv    .            q - +6 ring of dexterity
Will    .....        (no ring)
Stlth   ++++         (no ring)
HPRegen 0.29/turn    (no ring)
MPRegen 0.18/turn    (no ring)
                     (no ring)

%: faith
@: slowed, very slow
A: almost no armour, amphibious, 8 rings, camouflage 1, gelatinous body 1,
(nimble swimmer 1), tentacles, iridescent scales 1
a: Renounce Religion, Channel Magic


You were on level 10 of the Dungeon.
You worshipped Sif Muna.
Sif Muna was aware of your devotion.
You visited 2 branches of the dungeon, and saw 11 of its levels.

You collected 558 gold pieces.
You spent 208 gold pieces at shops.

Inventory:

Hand Weapons
 n - a +0 dagger of venom
 p - a +6 dagger
 u - the +4 short sword of Ru's Envy (weapon) {heavy, rPois}
   (You found it on level 6 of the Dungeon)

   rPois:     It protects you from poison
Missiles
 v - 7 poisoned darts
 E - a throwing net
Armour
 i - a +0 buckler
Jewellery
 d - a +5 ring of evasion (right tentacle)
 j - an amulet of faith (around mantle)
 m - a +6 ring of intelligence (left tentacle)
 q - a +6 ring of dexterity (on tentacle)
Wands
 t - a wand of charming (15)
 w - a wand of roots (9)
 D - a wand of digging (4)
Scrolls
 c - a scroll of immolation
 e - 3 scrolls of teleportation
 f - 3 scrolls of silence {unknown}
 k - 2 scrolls of revelation
 l - a scroll of noise
 o - 3 scrolls of amnesia
 s - 3 scrolls of identify
 x - a scroll of fear
 y - 2 scrolls of enchant armour {unknown}
Potions
 a - 2 potions of magic
 b - 2 potions of brilliance {unknown}
 g - a potion of degeneration {unknown}
 h - 3 potions of lignification {unknown}
 r - 2 potions of invisibility {unknown}
 z - 2 potions of enlightenment {unknown}
 A - 2 potions of curing {unknown}
 B - a potion of ambrosia {unknown}
 C - a potion of mutation


   Skills:
 + Level 1.5 Fighting
 + Level 2.4 Short Blades
 + Level 2.6 Dodging
 + Level 6.2 Stealth
 * Level 5.2 Shields
 * Level 8.6 Spellcasting
 * Level 4.9 Conjurations
 + Level 0.9 Hexes
 * Level 3.7 Translocations
 + Level 6.8 Fire Magic
 * Level 4.1 Air Magic
 + Level 0.1 Evocations


You had 11 spell levels left.
You knew the following spells:

 Your Spells              Type           Power      Damage    Failure   Level
a - Foxfire               Conj/Fire      100%       2x1d9     1%          1
b - Scorch                Fire           96%        2d9       1%          2
c - Inner Flame           Hex/Fire       32%        N/A       3%          3
d - Flame Wave            Conj/Fire      43%        2d11      4%          4
e - Swiftness             Air            33%        N/A       2%          3
f - Blink                 Tloc           64%        N/A       1%          2

Your spell library contained the following spells:

 Spells                   Type           Power      Damage    Failure   Level
 Lesser Beckoning         Tloc           64%        N/A       1%          2
 Momentum Strike          Conj/Tloc      70%        3d9       1%          2
 Volatile Blastmotes      Fire/Tloc      80%        2d16      1%          3
 Poisonous Vapours        Pois/Air       44%        N/A       3%          2
 Sting                    Tmut/Pois      44%        1d5       4%          1
 Ensorcelled Hibernation  Hex/Ice        28%        N/A       6%          2
 Passwall                 Tmut/Erth      9%         N/A       8%          2
 Manifold Assault         Tloc           32%        N/A       11%         4
 Cause Fear               Hex            8%         N/A       32%         4
 Anguish                  Hex/Necr       7%         N/A       38%         4
 Olgreb's Toxic Radiance  Pois           11%        N/A       45%         4
 Enfeeble                 Hex            8%         N/A       100%        7


Dungeon Overview and Level Annotations

Branches:
Dungeon (10/15)            Temple (1/1) D:7
   Lair: D:8-11         Orc: D:9-12

Altars:
Ashenzari
Cheibriados
Dithmenos
Elyvilon
Fedhas
Gozag
Hepliaklqana
Kikubaaqudgha
Makhleb
Nemelex Xobeh
Okawaru
Qazlal
Ru
Sif Muna
Trog
Uskayaw
Vehumet
Xom
Zin
The Shining One

Shops:
D:2 =   D:8 *

Annotations:
D:5 2 transporters, Descartes's ghost, weakling SpDe


Innate Abilities, Weirdness & Mutations

You cannot wear most types of armour.
You are amphibious.
You can wear up to eight rings at the same time.
Your skin changes colour to match your surroundings (Stealth+).
Your rubbery body absorbs attacks. (AC +1, EV +1)
((You are camouflaged when in or above water. (Stealth+)))
You have tentacles for arms and can constrict up to eight enemies at once.
You are partially covered in iridescent scales. (AC +2)


Message History

The wraith is no longer more vulnerable to fire.
Casting: Foxfire (safe; 1% risk of failure)
Confirm with . or Enter, or press ? or * to list all spells.
You conjure some foxfire!
The wraith hits you! The wraith drains your vigour!
You feel yourself slow down.
The foxfire hits the wraith but does no damage.
The wraith is severely damaged.
The foxfire hits the wraith.
The wraith is lightly damaged.
The wraith attacks as it pursues you! The wraith hits you!
* * * LOW HITPOINT WARNING * * *
The wraith drains your vigour!
You feel as though you will be slow longer.
The wraith barely misses you.
Okay, then.
Okay, then.
Okay, then.
Unknown command.
Okay, then.
Aiming: Fastroot
Press: ? - help, Shift-Dir - straight line, f - wraith, p - wraith
Aim: a wraith (lightly damaged, immune to roots)
The roots erupt in riotous growth!
The wraith is unaffected. x2
You hear a shout! x9
The wraith hits you!
* * * LOW HITPOINT WARNING * * *
The wraith drains your vigour!
You feel as though you will be slow longer.
The wraith closely misses you.
You hear a shout! x2
Unknown command.
Unknown command.
Okay, then.
Unknown command.
As you read the scroll labelled GOUBAMM RYSOOD, it crumbles to dust.
You assume a fearsome visage.
The wraith is unaffected. x3
It was a scroll of fear.
You hear a shout!
The wraith hits you.
You die...

########.#####
.............##
##+###)......##
#.)..<...#
#..)...†.#
#........#
#........#
#....)...#
##...@...##
##...WW...##
#....W.....#
#..........#
#..........#
#..........#
#..).........#
###.........##
#.#......##


You could see 3 wraiths.

Vanquished Creatures
  Josephine (D:10)
  A two-headed ogre (D:9)
  Maurice (D:8)
  Psyche (D:8)
  A troll (D:10)
  A hornet (D:8)
  A wraith (D:9)
  Eustachio (D:5)
  A steam dragon (D:7)
  2 water moccasins
  Edmund (D:6)
  An acid dragon (D:8)
  3 sky beasts
  3 orc warriors
  An ice beast (D:5)
  2 centaurs
  5 bullfrogs
  Blork the orc (D:6)
  A gnoll sergeant (D:9)
  2 scorpions (D:5)
  3 wights (D:9)
  An electric eel (D:6)
  3 howler monkeys
  A hound (D:5)
  Crazy Yiuf (D:7)
  2 orc priests
  3 jellies
  3 orc wizards
  Ijyb (D:5)
  An iguana (D:5)
  A hound skeleton (D:2)
  7 gnolls
  3 adders
  2 shadow imps
  3 white imps (D:6)
  2 adder skeletons (D:2)
  6 worms
  3 dart slugs
  14 orcs
  A bat skeleton (D:2)
  7 endoplasms
  3 giant cockroaches
  16 goblins
  7 hobgoblins
  3 jackals (D:4)
  3 kobolds (D:2)
  3 quokkas
  10 ball pythons
  A ball python skeleton (D:2)
  5 bats
  3 frilled lizards
  A giant cockroach zombie (D:2)
  A quokka skeleton (D:2)
  6 rats
161 creatures vanquished.

Vanquished Creatures (collateral kills)
  A foxfire (D:2)
1 creature vanquished.

Vanquished Creatures (others)
  A scorpion (D:6)
  415 foxfires
416 creatures vanquished.

Grand Total: 578 creatures vanquished

Notes
Turn   | Place    | Note
-------+----------+-------------------------------------------
     0 | D:1      | Conn the Octopode Fire Elementalist began the quest for the
                  | Orb.
     0 | D:1      | Reached XP level 1. HP: 11/11 MP: 3/3
   189 | D:1      | Found a faded altar of an unknown god.
   260 | D:1      | Reached XP level 2. HP: 17/17 MP: 1/5
   940 | D:2      | Reached XP level 3. HP: 21/21 MP: 6/6
   943 | D:2      | Learned a level 2 spell: Scorch
   947 | D:2      | Learned a level 3 spell: Inner Flame
  1145 | D:2      | Reached skill level 1 in Short Blades
  1145 | D:2      | Reached XP level 4. HP: 27/27 MP: 1/7
  1278 | D:2      | Found Jikul's Jewellery Emporium.
  1914 | D:2      | You fall into a shaft and drop 1 floor!
  2248 | D:3      | Reached skill level 1 in Shields
  2248 | D:3      | Reached XP level 5. HP: 17/32 MP: 0/9
  2557 | D:3      | Found a shadowy altar of Dithmenos.
  2619 | D:3      | Found a bloodstained altar of Trog.
  2788 | D:3      | Found a burning altar of Makhleb.
  2834 | D:3      | Found a blossoming altar of Fedhas.
  3461 | D:4      | Reached skill level 1 in Fighting
  3689 | D:4      | Found a shimmering altar of Xom.
  3910 | D:4      | Found an iron altar of Okawaru.
  3910 | D:4      | Found a white marble altar of Elyvilon.
  4145 | D:5      | Entered Level 5 of the Dungeon
  4147 | D:5      | Noticed Eustachio
  4253 | D:5      | Killed Eustachio
  4254 | D:5      | Reached skill level 3 in Spellcasting
  4254 | D:5      | Reached XP level 6. HP: 22/38 MP: 1/11
  4415 | D:5      | Found a glowing golden altar of the Shining One.
  4503 | D:5      | Noticed an ice beast
  4509 | D:5      | Killed an ice beast
  4510 | D:5      | Reached skill level 5 in Stealth
  4510 | D:5      | Reached XP level 7. HP: 43/43 MP: 5/12
  4754 | D:5      | Found a transporter.
  4769 | D:5      | Noticed Descartes's ghost (weakling SpDe)
  5046 | D:5      | Reached skill level 4 in Spellcasting
  5110 | D:5      | Found a transporter.
  5113 | D:5      | Noticed Ijyb
  5116 | D:5      | Killed Ijyb
  5213 | D:5      | Learned a level 4 spell: Flame Wave
  5217 | D:5      | Learned a level 3 spell: Swiftness
  5509 | D:6      | Noticed Edmund
  5521 | D:6      | Reached XP level 8. HP: 23/46 MP: 1/15
  5522 | D:6      | Killed Edmund
  5815 | D:6      | Found a hazy altar of Hepliaklqana.
  5843 | D:6      | Reached skill level 1 in Air Magic
  5882 | D:6      | Noticed Blork the orc
  5890 | D:6      | Killed Blork the orc
  5891 | D:6      | Reached skill level 5 in Spellcasting
  5971 | D:6      | Identified the +4 short sword of Ru's Envy {heavy, rPois}
  5995 | D:6      | Found a snail-covered altar of Cheibriados.
  6094 | D:7      | Reached skill level 5 in Fire Magic
  6153 | D:7      | Found a staircase to the Ecumenical Temple.
  6159 | Temple   | Entered the Ecumenical Temple
  6171 | Temple   | Became a worshipper of Sif Muna the Loreminder
  6212 | D:7      | Learned a level 2 spell: Blink
  6863 | D:7      | Found a runed translucent door.
  6864 | D:7      | Noticed Crazy Yiuf
  6870 | D:7      | Killed Crazy Yiuf
  7001 | D:7      | Reached skill level 1 in Translocations
  7070 | D:7      | Reached skill level 6 in Spellcasting
  7070 | D:7      | Reached XP level 9. HP: 47/53 MP: 8/18
  7580 | D:8      | Noticed a hornet
  7587 | D:8      | Killed a hornet
  7704 | D:8      | Found Siann's Changing Room.
  7712 | D:8      | Noticed Maurice
  7723 | D:8      | Killed Maurice
  7724 | D:8      | Reached skill level 7 in Spellcasting
  7802 | D:8      | Noticed Psyche
  7817 | D:8      | Killed Psyche
  7968 | D:8      | Bought 2 potions of mutation for 208 gold pieces
  7968 | D:8      | Gained mutation: You are partially covered in iridescent
                  | scales. (AC +2) [potion of mutation]
  8389 | D:9      | Noticed a two-headed ogre
  8397 | D:9      | Killed a two-headed ogre
  8398 | D:9      | Reached skill level 8 in Spellcasting
  8398 | D:9      | Reached XP level 10. HP: 59/59 MP: 12/22
  8459 | D:9      | Reached * piety under Sif Muna
  8904 | D:9      | Found a broken altar of Ashenzari.
  9114 | D:10     | Entered Level 10 of the Dungeon
  9121 | D:10     | Reached skill level 5 in Shields
  9233 | D:10     | Noticed Josephine
  9241 | D:10     | Killed Josephine
  9253 | D:10     | HP: 2/59 [wraith[Josephine] (11)]
  9254 | D:10     | Slain by a wraith

Illustrated notes

Levels and vault maps discovered:
D:1:      eino_arrival_druids_welcome, layout_loops_ring,
          hellmonk_ecumenical_altar_arch_garden
D:2:      layout_loops_corners, serial_undead, serial_undead_b, serial_undead_c,
          serial_undead_c, serial_undead_d, serial_shops, nicolae_square_shop,
          shop
D:3:      layout_basic, mainiacjoe_overflow_six_doors_small,
          fedhas_altar_fruit_tree, mainiacjoe_overflow_boulevard,
          mainiacjoe_overflow_tiny_flanked
D:4:      kennysheep_the_goblin_king, layout_basic, old_standard_altar,
          gammafunk_temple_overflow_wave, serial_glass, glass_columns_a,
          glass_columns_a
D:5:      layout_loops_ring, tso_altar, gammafunk_ghost_arena, uniq_eustachio,
          uniq_ijyb
D:6:      layout_rooms, chei_slow_surprise, kennysheep_mini_moat,
          nicolae_water_bricks, uniq_edmund, uniq_blork_the_orc
D:7:      layout_loops_ring, minmay_temple_entry_arrows, uniq_crazy_yiuf_cottage
D:8:      layout_basic, nicolae_transmutations_shop, uniq_maurice, uniq_psyche
D:9:      layout_loops_ring, cheibrodos_ashenzari_chains
D:10:     cheibrodos_statue_roulette, layout_rooms, old_standard_altar,
          mainiacjoe_overflow_catwalk, david_lair_shrubbed,
          kennysheep_orc_monster_closet_entryway, enter_bailey_5,
          grunt_decor_one_mirror, nicolae_shop_clearance, uniq_josephine
Temple:   hellmonk_temple_rainy

Skill      XL: |  1  2  3  4  5  6  7  8  9 10 |
---------------+-------------------------------+-----
Stealth        | 3 4 5 6 |  6.2
Short Blades   | 1 2 |  2.4
Shields        | 1 2 3 4 5 |  5.2
Conjurations   | 2 3 4 |  4.9
Fighting       | 1 |  1.5
Spellcasting   | 3 4 6 8 |  8.6
Fire Magic     | 4 5 6 |  6.8
Air Magic      | 2 3 4 |  4.1
Translocations | 1 3 |  3.7
Dodging        | |  2.6
Hexes          | |  0.9
Evocations     | |  0.1

Action                     |  1- 3 |  4- 6 |  7- 9 | 10-12 || total
---------------------------+-------+-------+-------+-------++-------
  Melee: Dagger            |    20 |    66 |     7 |       ||    93
         Constrict         |     3 |    17 |     6 |     1 ||    27
         Tentacles         |     1 |    12 |     3 |     1 ||    17
         Short sword       |       |       |    13 |     4 ||    17
         Punch             |       |       |     1 |       ||     1
   Cast: Foxfire           |    28 |   103 |    66 |    39 ||   236
         Inner Flame       |     1 |     1 |     7 |     2 ||    11
         Scorch            |       |    12 |    45 |    15 ||    72
         Flame Wave        |       |       |     6 |     2 ||     8
  Evoke: Wand              |       |       |     3 |     1 ||     4
    Use: Scroll            |       |     7 |       |     1 ||     8
         Potion            |       |       |     1 |       ||     1
   Stab: Sleeping          |     9 |    13 |     2 |     3 ||    27
 Armour: Skin              |     5 |     3 |       |       ||     8
  Dodge: Dodged            |    21 |    52 |    34 |     6 ||   113

Table legend: (Time is in decaauts)
 A = Elapsed time spent in this place.
 B = Non-inter-level travel time spent in this place.
 C = Inter-level travel time spent in this place.
 D = Time resting spent in this place.
 E = Time spent auto-exploring this place.
 F = Levels seen in this place.
 G = Mean time per level.
                   A        B        C        D        E       F      G
               +--------+--------+--------+--------+--------+-----+--------+
         Total |   9254 |   9050 |    204 |    347 |   6995 |  11 |  841.3 |
       Dungeon |   9229 |   9025 |    204 |    347 |   6995 |  10 |  922.9 |
        Temple |     24 |     24 |      0 |      0 |      0 |   1 |   24.0 |
               +--------+--------+--------+--------+--------+-----+--------+

Top non-repeatable levels by time:
     D:3: 1239 daAuts
     D:2: 1209 daAuts
     D:5: 1075 daAuts
     D:4: 1067 daAuts
     D:8: 1043 daAuts
     D:7: 983 daAuts
     D:9: 915 daAuts
     D:6: 852 daAuts
     D:1: 702 daAuts
    D:10: 141 daAuts
  Temple: 24 daAuts
